 Dungeon Crawl Stone Soup version 0.21.1-1-g345015fe64 (webtiles) character file.

105 Gargoyl the Skirmisher (level 4, -2/39 HPs)
             Began as a Centaur Abyssal Knight on Apr 17, 2018.
             Was a Believer of Lugonu.
             Slain by Grinder (3 damage)
             ... while paralysed by Grinder
             ... on level 2 of the Dungeon.
             The game lasted 00:03:51 (2099 turns).

Gargoyl the Skirmisher (Centaur Abyssal Knight)     Turns: 2099, Time: 00:03:51

Health: -2/39      AC:  7    Str: 15    XL:     4   Next: 53%
Magic:  5/5        EV:  1    Int: 11    God:    Lugonu [**....]
Gold:   103        SH:  0    Dex:  9    Spells: 3/3 levels left

rFire    . . .     SeeInvis .   a - +2 hand axe
rCold    . . .     Gourm    .   (no shield)
rNeg     + . .     Faith    .   j - +0 ring mail
rPois    .         Spirit   .   g - +0 helmet
rElec    .         Reflect  .   (no cloak)
rCorr    .         Harm     .   (no gloves)
MR       .....                  (no barding)
Stlth    ..........             (no amulet)
HPRegen  0.13/turn              e - ring of positive energy
MPRegen  0.09/turn              (no ring)

@: paralysed, very quick
A: large, hooves 3, deformed body, speed 2, tough skin 3
a: Depart the Abyss, Bend Space, Renounce Religion


You were on level 2 of the Dungeon.
You worshipped Lugonu.
Lugonu was pleased with you.
You were not hungry.

You visited 1 branch of the dungeon, and saw 3 of its levels.
You visited the Abyss 1 time.

You collected 103 gold pieces.

Inventory:

Hand Weapons
 a - a +2 hand axe (weapon)
Armour
 g - a +0 helmet (worn)
 j - a +0 ring mail (worn)
Jewellery
 e - a ring of positive energy (left hand)
Potions
 b - a potion of flight {unknown}
 d - 2 potions of curing {unknown}
 f - a potion of cancellation
 h - a potion of brilliance {unknown}
 l - a potion of might {unknown}
 m - a potion of degeneration {unknown}
Comestibles
 c - 9 rations
 i - 3 chunks of flesh


   Skills:
 + Level 3.6 Fighting
 + Level 2.4 Axes
 * Level 2.5 Armour
 + Level 1.0 Dodging
 * Level 2.4 Invocations


You had 3 spell levels left.
You didn't know any spells.

Dungeon Overview and Level Annotations

Branches:
Dungeon (3/15)

Altars:
Qazlal
Yredelemnul

Annotations:
D:2 Grinder


Innate Abilities, Weirdness & Mutations

You have hooves in place of feet.
Armour fits poorly on your strangely shaped body.
You cover ground very quickly.
You have extremely tough skin. (AC +3)


Message History

You closely miss the goblin. The goblin closely misses you. Grinder hits you.
* * * LOW HITPOINT WARNING * * *
You writhe in agony.
* * * LOW HITPOINT WARNING * * *
Unknown command.
You hit Grinder. Your kick misses Grinder.
Grinder is heavily wounded.
You hit the goblin but do no damage. The goblin hits you but does no damage.
Grinder gestures at you.
You suddenly lose the ability to move!
The goblin hits you.
* * * LOW HITPOINT WARNING * * *
Grinder hits you.
* * * LOW HITPOINT WARNING * * *
You writhe in agony.
* * * LOW HITPOINT WARNING * * *
The goblin hits you.
* * * LOW HITPOINT WARNING * * *
Grinder hits you.
You die...

#...########...# #.##
#...#E###.....## ##รท####
#...####.(#..## #.....#
#...........## ####.....#
####.........## #........#
..............# ###.##.....#
###...........###...#......#
#............##.###.#.####
####.........#..@g....#.#
[..)...........5)...###.#
.#....#######)#...#..##.#
#..###........>(........#
..###..##########.(#....#
......## #......#....#
.############.P.P..#....# ##
##.....##..._..##....#
####.........)P.P)......#


You could see Grinder and a goblin.

Vanquished Creatures
  Robin (D:3)
  3 adders
  An ooze (D:2)
  A worm (D:2)
  2 leopard geckos
  A ball python (D:3)
  12 bats
  3 giant cockroaches
  9 goblins
  8 hobgoblins
  2 jackals (D:3)
  A quokka (D:2)
  6 kobolds
  3 rats
53 creatures vanquished.

Vanquished Creatures (others)
  An orc (D:3)
  A hobgoblin (D:3)
  A rat (D:3)
  A lurking horror (Abyss:1)
4 creatures vanquished.

Grand Total: 57 creatures vanquished

Notes
Turn   | Place    | Note
-------+----------+-------------------------------------------
     0 | Abyss:1  | Gargoyl the Centaur Abyssal Knight began the quest for the Orb.
     0 | Abyss:1  | Reached XP level 1. HP: 19/19 MP: 2/2
     4 | Abyss:1  | Found a corrupted altar of Lugonu.
    94 | Abyss:1  | Noticed a neqoxec
   120 | Abyss:1  | Noticed a crimson imp
   156 | Abyss:2  | Noticed a raiju
   157 | D:1      | Escaped the Abyss
   345 | D:1      | Reached * piety under Lugonu
   622 | D:1      | Reached XP level 2. HP: 26/26 MP: 3/3
  1100 | D:2      | Found a basalt altar of Yredelemnul.
  1146 | D:2      | Reached XP level 3. HP: 31/31 MP: 4/4
  1216 | D:2      | Noticed a water elemental
  1218 | D:2      | Found a stormy altar of Qazlal.
  1219 | D:2      | Noticed an earth elemental
  1219 | D:2      | Noticed an air elemental
  1219 | D:2      | Noticed a fire elemental
  1773 | D:3      | Reached XP level 4. HP: 36/38 MP: 5/5
  1839 | D:3      | Reached ** piety under Lugonu
  1877 | D:3      | Noticed Grinder
  1880 | D:3      | Noticed Robin
  1976 | D:3      | Reached skill level 1 in Dodging
  1980 | D:3      | Killed Robin
  2097 | D:2      | Paralysed by Grinder for 7 turns
  2098 | D:2      | HP: 1/39 [Grinder (1)]
  2099 | D:2      | Slain by Grinder

Skill      XL: |  1  2  3  4 |
---------------+-------------+-----
Axes           | 2 |  2.4
Armour         | 2 |  2.5
Dodging        | 1 |  1.0
Fighting       | |  3.6
Invocations    | |  2.4

Action                   |  1- 3 |  4- 6 || total
-------------------------+-------+-------++-------
Melee: Hand axe          |   104 |    23 ||   127
       Kick              |    16 |     4 ||    20
Invok: Depart the Abyss  |     1 |       ||     1
  Use: Scroll            |     5 |       ||     5
  Eat: Chunk             |     2 |     1 ||     3
Armor: Leather armour    |    25 |       ||    25
       Ring mail         |    67 |    33 ||   100
Dodge: Dodged            |    88 |    26 ||   114
